[Event "42nd Olympiad Baku 2016 Women"]
[Site "Baku"]
[Date "2016.09.03"]
[Round "2.14"]
[White "Zengeni, Tatenda Melisa"]
[Black "Durno, Joy"]
[Result "0-1"]
[ECO "A48"]
[WhiteElo "1649"]
[BlackElo "1894"]
[Annotator ""]
[PlyCount "136"]
[EventDate "2016.??.??"]
[EventCountry "AZE"]
[SourceTitle "playchess.com"]
[Source "ChessBase"]
[WhiteTeam "Zimbabwe"]
[BlackTeam "Scotland"]
[WhiteTeamCountry "ZIM"]
[BlackTeamCountry "SCO"]
[TimeControl "40/5400+30:1800+30"]

1. d4 {(00:00)} Nf6 {(00:00)} 2. Nf3 {(00:00)} g6 {
(00:00)} 3. e3 {(00:21)} Bg7 {(00:00)} 4. Be2 {(00:
19)} O-O {(00:21)} 5. O-O {(00:21)} d6 {(01:53)} 6. b3 {
(01:21)} Nbd7 {(04:08)} 7. Bb2 {(00:53)} e5 {(04:
58)} 8. dxe5 {(02:38)} Ng4 {(00:08)} 9. Nbd2 {(10:25)}
Ngxe5 {(00:29)} 10. Rb1 {(06:14)} Re8 {(13:57)} 11. Nxe5 {
(07:53)} dxe5 {(06:35)} 12. Ne4 {(02:51)} Qe7 {(01:
54)} 13. Qd2 {(12:09)} Nb6 {(01:30)} 14. Rfd1 {(01:45)}
Be6 {(02:43)} 15. c4 {(06:52)} f5 {(03:45)} 16. Ng3 {
(02:14)} a5 {(11:45)} 17. a4 {(02:44)} Nd7 {(01:13]
} 18. Qc2 {(06:50)} b6 {(12:32)} 19. Rd2 {(01:46)} Rad8 {
(02:33)} 20. Rbd1 {(00:51)} Nc5 {(00:43)} 21. Ba3 {
(04:01)} Rxd2 {(00:37)} 22. Rxd2 {(00:46)} Bf8 {(
06:21)} 23. Qd1 {(03:25)} Qg5 {(05:54)} 24. Bf1 {(12:30)}
f4 {(05:21)} 25. Bxc5 {(02:48)} fxg3 {(00:40)} 26. Bxf8 {
(00:27)} gxf2+ {(03:13)} 27. Rxf2 {(01:58)} Rxf8 {(
00:12)} 28. Rxf8+ {(00:27)} Kxf8 {(00:02)} 29. Qf3+ {(01:
13)} Kg7 {(02:13)} 30. Bd3 {(02:36)} Qe7 {(03:55)} 31. Qd1
{(03:59)} Qc5 {(01:10)} 32. Kf2 {(00:23)} Qb4 {(00:
33)} 33. Qc2 {(00:34)} Qd6 {(01:24)} 34. g3 {(00:37)} Bh3
{(00:33)} 35. Kg1 {(01:58)} Qb4 {(01:39)} 36. Kf2 {
(01:11)} Qf8+ {(00:24)} 37. Kg1 {(00:03)} Qf6 {(02:
15)} 38. Qf2 {(00:08)} Qd6 {(00:24)} 39. Qc2 {(01:17)} Qa3
{(00:45)} 40. Kf2 {(00:00)} Qf8+ {(00:00)} 41. Kg1 {
(00:51)} Bg4 {(07:28)} 42. Be4 {(04:33)} Qd6 {(01:
26)} 43. Bd3 {(04:51)} Bf3 {(02:31)} 44. Be2 {(02:23)} Bb7
{(01:06)} 45. Bf1 {(02:51)} Qc5 {(02:22)} 46. Qd2 {
(01:10)} Qe7 {(02:40)} 47. Bg2 {(01:20)} Bc8 {(01:
02)} 48. Qd5 {(02:00)} Bf5 {(00:37)} 49. Be4 {(01:06)} Qd6
{(01:14)} 50. Bxf5 {(02:29)} Qxd5 {(01:54)} 51. cxd5 {
(00:13)} gxf5 {(00:10)} 52. Kf2 {(01:34)} e4 {(00:
52)} 53. g4 {(02:14)} fxg4 {(07:40)} 54. Kg3 {(00:01)} Kf6
{(01:22)} 55. Kxg4 {(03:18)} Ke5 {(00:10)} 56. h4 {
(00:29)} Kxd5 {(00:16)} 57. Kf5 {(00:27)} c6 {(00:
36)} 58. h5 {(00:21)} b5 {(00:45)} 59. Kf6 {(02:18)} bxa4
{(00:06)} 60. bxa4 {(00:01)} c5 {(00:06)} 61. Kg7 {
(00:08)} c4 {(00:22)} 62. Kxh7 {(00:09)} c3 {(00:
11)} 63. h6 {(00:06)} c2 {(00:09)} 64. Kg7 {(00:39)} c1=Q
{(00:06)} 65. h7 {(00:08)} Kc4 {(01:07)} 66. h8=Q {
(00:20)} Qa1+ {(00:07)} 67. Kg8 {(00:27)} Qxh8+ {(
00:06)} 68. Kxh8 {(00:07)} Kd3 0-1

[Event "42nd Olympiad Baku 2016 Women"]
[Site "Baku"]
[Date "2016.09.03"]
[Round "2.30"]
[White "Zhang, Jasmine Haomo"]
[Black "Lomandong Noela-Joyce"]
[Result "1/2-1/2"]
[ECO "A80"]
[WhiteElo "1721"]
[BlackElo "1763"]
[Annotator ""]
[PlyCount "65"]
[EventDate "2016.??.??"]
[EventCountry "AZE"]
[SourceTitle "playchess.com"]
[Source "ChessBase"]
[WhiteTeam "New Zealand"]
[BlackTeam "Monaco"]
[WhiteTeamCountry "NZL"]
[BlackTeamCountry "MNC"]
[TimeControl "40/5400+30:1800+30"]

1. d4 {(00:00)} f5 {(00:00)} 2. Nf3 {(00:00)} Nf6 {
(00:00)} 3. Bf4 {(00:10)} c6 {(00:36)} 4. c3 {(01:
41)} d5 {(00:10)} 5. e3 {(00:08)} e6 {(02:50)} 6. Bd3 {
(00:50)} Be7 {(04:03)} 7. h3 {(00:49)} Qb6 {(05:42]
} 8. Qb3 {(02:26)} c5 {(02:48)} 9. Qxb6 {(04:42)} axb6 {
(00:11)} 10. Nbd2 {(00:49)} c4 {(15:48)} 11. Bc2 {(
00:18)} b5 {(00:10)} 12. O-O {(00:42)} Nc6 {(01:29)} 13.
a3 {(00:25)} h6 {(02:30)} 14. Ne5 {(00:44)} Nxe5 {(
05:41)} 15. Bxe5 {(02:44)} Rg8 {(03:54)} 16. f3 {(06:35)}
g5 {(04:14)} 17. e4 {(02:06)} g4 {(02:59)} 18. hxg4 {
(00:39)} dxe4 {(14:38)} 19. Bxf6 {(02:43)} Bxf6 {(
10:58)} 20. fxe4 {(27:46)} Bg5 {(03:36)} 21. Rad1 {(00:55]
} Be3+ {(00:52)} 22. Kh2 {(01:34)} Rxg4 {(01:57)} 23. Rf3
{(05:04)} Bf4+ {(06:49)} 24. g3 {(01:37)} Bxd2 {(
00:40)} 25. Rxd2 {(00:08)} fxe4 {(04:40)} 26. Re3 {(00:14]
} Bd7 {(00:27)} 27. Bxe4 {(00:31)} O-O-O {(00:37)} 28. Bg2
{(01:12)} Rg5 {(01:04)} 29. Bh3 {(00:12)} Rh5 {(01:
47)} 30. Re5 {(11:49)} Rxe5 {(01:27)} 31. dxe5 {(00:05)}
Rf8 {(01:10)} 32. Kg2 {(01:08)} Kc7 {(00:58)} 33. Rf2 {
(03:33)} 1/2-1/2

[Event "42nd Olympiad Baku 2016 Women"]
[Site "Baku"]
[Date "2016.09.03"]
[Round "2.2"]
[White "Zhao, Xue"]
[Black "Blagojevic, Tijana"]
[Result "1-0"]
[ECO "A12"]
[WhiteElo "2522"]
[BlackElo "2223"]
[Annotator ""]
[PlyCount "65"]
[EventDate "2016.??.??"]
[EventCountry "AZE"]
[SourceTitle "playchess.com"]
[Source "ChessBase"]
[WhiteTeam "China"]
[BlackTeam "Montenegro"]
[WhiteTeamCountry "CHN"]
[BlackTeamCountry "MNE"]
[TimeControl "40/5400+30:1800+30"]

1. Nf3 {(00:00)} d5 {(00:00)} 2. c4 {(00:03)} c6 {(
00:00)} 3. b3 {(01:19)} Nf6 {(01:11)} 4. Bb2 {(00:11)} e6
{(03:49)} 5. g3 {(02:59)} Bd6 {(00:10)} 6. Bg2 {(
00:06)} Nbd7 {(00:05)} 7. d4 {(02:01)} Ne4 {(01:28)} 8.
O-O {(00:49)} O-O {(00:10)} 9. Ne5 {(13:24)} a5 {(
07:04)} 10. f3 {(09:45)} Nec5 {(09:42)} 11. Ng4 {(12:10)}
Na6 {(00:28)} 12. e4 {(05:09)} f5 {(03:00)} 13. Nf2 {
(04:34)} fxe4 {(09:25)} 14. fxe4 {(00:09)} dxc4 {(
01:12)} 15. e5 {(05:50)} c3 {(06:40)} 16. Nxc3 {(00:15)}
Be7 {(01:32)} 17. Qh5 {(08:40)} Rf5 {(00:57)} 18. Qh3 {
(01:53)} Nf8 {(01:09)} 19. Nce4 {(03:12)} Nb4 {(03:
59)} 20. Nc5 {(12:26)} Nc2 {(07:37)} 21. g4 {(06:57)} Rxe5
{(04:22)} 22. dxe5 {(01:11)} Nxa1 {(01:12)} 23. Qc3 {
(00:40)} Qb6 {(02:02)} 24. Na4 {(01:16)} Qa7 {(03:
25)} 25. Bxa1 {(00:05)} Ng6 {(00:29)} 26. Qd4 {(02:21)}
Qa6 {(01:04)} 27. Ne4 {(00:25)} Qe2 {(01:16)} 28. Nac3 {
(01:46)} Qc2 {(00:26)} 29. Nf6+ {(00:36)} gxf6 {(
03:36)} 30. exf6 {(00:17)} c5 {(02:41)} 31. f7+ {(02:01)}
Kf8 {(00:13)} 32. Qe3 {(00:05)} Bd6 {(01:35)} 33. Qh6+ {
(00:21)} 1-0

[Event "42nd Olympiad Baku 2016 Women"]
[Site "Baku"]
[Date "2016.09.03"]
[Round "2.17"]
[White "Zhou, Qiyu"]
[Black "Reizniece-Ozola, Dana"]
[Result "0-1"]
[ECO "B90"]
[WhiteElo "2367"]
[BlackElo "2243"]
[Annotator ""]
[PlyCount "80"]
[EventDate "2016.??.??"]
[EventCountry "AZE"]
[SourceTitle "playchess.com"]
[Source "ChessBase"]
[WhiteTeam "Canada"]
[BlackTeam "Latvia"]
[WhiteTeamCountry "CAN"]
[BlackTeamCountry "LAT"]
[TimeControl "40/5400+30:1800+30"]

1. e4 {(00:00)} c5 {(00:00)} 2. Nf3 {(00:00)} d6 {(
00:00)} 3. d4 {(00:00)} cxd4 {(00:00)} 4. Nxd4 {(00:00)}
Nf6 {(00:14)} 5. Nc3 {(00:00)} a6 {(00:21)} 6. Be3 {
(00:34)} e5 {(00:36)} 7. Nb3 {(00:40)} Be6 {(00:25]
} 8. h3 {(00:33)} h5 {(01:45)} 9. Be2 {(07:30)} Nbd7 {
(01:48)} 10. O-O {(04:19)} Be7 {(02:45)} 11. Qd2 {(
15:12)} b5 {(04:50)} 12. Rad1 {(05:37)} O-O {(05:32)} 13.
f4 {(13:22)} Rc8 {(18:42)} 14. Bf3 {(11:27)} Qc7 {(
17:07)} 15. Rc1 {(09:46)} Nb6 {(07:16)} 16. f5 {(04:19)}
Nc4 {(04:28)} 17. Qe2 {(00:32)} Nxe3 {(08:11)} 18. Qxe3 {
(00:04)} Bxb3 {(11:36)} 19. axb3 {(00:14)} d5 {(00:
19)} 20. Qe2 {(01:06)} d4 {(04:00)} 21. Nb1 {(02:43)} Rfd8
{(01:30)} 22. Rfd1 {(01:13)} h4 {(01:06)} 23. Kh1 {
(01:03)} Nh7 {(01:09)} 24. c3 {(03:46)} Bg5 {(00:
26)} 25. Rc2 {(00:30)} Be3 {(03:25)} 26. Na3 {(00:31)} Qe7
{(00:37)} 27. cxd4 {(01:03)} exd4 {(00:13)} 28. Rxc8 {
(00:44)} Rxc8 {(00:03)} 29. Nc2 {(00:10)} Bf4 {(01:
34)} 30. Nxd4 {(01:22)} Ng5 {(00:54)} 31. Qd3 {(02:38)}
Be5 {(02:30)} 32. Bg4 {(04:26)} Qf6 {(00:14)} 33. Ne2 {
(06:03)} Bc7 {(01:22)} 34. Rf1 {(04:05)} Qe5 {(00:
18)} 35. Rf4 {(00:31)} Rd8 {(00:24)} 36. Qc2 {(00:10)} Bb8
{(01:24)} 37. Kg1 {(00:45)} Qe7 {(00:18)} 38. Rf1 {
(01:03)} Nxe4 {(00:11)} 39. Nf4 {(00:52)} Ng3 {(00:
14)} 40. Rc1 {(00:00)} Bxf4 {(00:00)} 0-1

[Event "42nd Olympiad Baku 2016 Women"]
[Site "Baku"]
[Date "2016.09.03"]
[Round "2.16"]
[White "Zhukovskaya, Nina"]
[Black "Ben Said, Safa"]
[Result "0-1"]
[ECO "A27"]
[WhiteElo "1793"]
[BlackElo "1563"]
[Annotator ""]
[PlyCount "68"]
[EventDate "2016.??.??"]
[EventCountry "AZE"]
[SourceTitle "playchess.com"]
[Source "ChessBase"]
[WhiteTeam "ICCD"]
[BlackTeam "TUN"]
[WhiteTeamCountry "KAZ"]
[BlackTeamCountry "TUN"]
[TimeControl "40/5400+30:1800+30"]

1. c4 {(00:00)} e5 {(00:00)} 2. Nc3 {(00:00)} Nc6 {
(00:40)} 3. Nf3 {(04:05)} f5 {(02:43)} 4. d3 {(01:
09)} Nf6 {(03:13)} 5. g3 {(02:41)} Be7 {(05:29)} 6. Bg2 {
(00:23)} O-O {(00:37)} 7. O-O {(00:35)} Qe8 {(00:
56)} 8. Bd2 {(08:53)} d6 {(03:18)} 9. Nd5 {(11:28)} Bd8 {
(06:55)} 10. Bg5 {(06:26)} Qf7 {(07:47)} 11. Nxf6+ {
(04:44)} Bxf6 {(00:41)} 12. Bxf6 {(01:04)} Qxf6 {(
01:48)} 13. Qd2 {(02:14)} f4 {(05:05)} 14. b4 {(04:54)}
Qh6 {(06:11)} 15. Rab1 {(17:30)} Bh3 {(09:26)} 16. Qc1 {
(04:05)} Ne7 {(06:14)} 17. c5 {(09:54)} Bxg2 {(06:
32)} 18. Kxg2 {(00:23)} Kh8 {(03:46)} 19. e3 {(04:17)}
fxe3 {(09:59)} 20. Qxe3 {(01:20)} Qe6 {(01:52)} 21. Rb3 {
(10:33)} Nd5 {(02:26)} 22. Qe4 {(01:08)} Nf4+ {(05:
36)} 23. Kh1 {(01:32)} Nh3 {(02:45)} 24. d4 {(01:14)} Qc4
{(03:00)} 25. Qd3 {(00:48)} Qxd3 {(00:47)} 26. Rxd3 {
(00:39)} e4 {(00:01)} 27. Re3 {(00:50)} exf3 {(00:
12)} 28. Re7 {(00:28)} dxc5 {(01:34)} 29. dxc5 {(00:04)}
Rac8 {(00:43)} 30. Re3 {(00:49)} Kg8 {(01:53)} 31. Rd3 {
(00:28)} Rcd8 {(00:43)} 32. Re3 {(00:49)} Rd1 {(01:
16)} 33. Rxd1 {(00:28)} Nxf2+ {(00:03)} 34. Kg1 {(00:20)}
Nxd1 {(00:04)} 0-1

[Event "42nd Olympiad Baku 2016 Women"]
[Site "Baku"]
[Date "2016.09.03"]
[Round "2.13"]
[White "Ziaziulkina, Nastassia"]
[Black "Theissl Pokorna, Regina"]
[Result "1-0"]
[ECO "C95"]
[WhiteElo "2382"]
[BlackElo "2331"]
[Annotator ""]
[PlyCount "123"]
[EventDate "2016.??.??"]
[EventCountry "AZE"]
[SourceTitle "playchess.com"]
[Source "ChessBase"]
[WhiteTeam "Belarus"]
[BlackTeam "Austria"]
[WhiteTeamCountry "BLR"]
[BlackTeamCountry "AUT"]
[TimeControl "40/5400+30:1800+30"]

1. e4 {(00:00)} e5 {(00:00)} 2. Nf3 {(00:00)} Nc6 {
(00:00)} 3. Bb5 {(00:00)} a6 {(00:04)} 4. Ba4 {(00:
00)} Nf6 {(00:08)} 5. O-O {(00:00)} Be7 {(00:05)} 6. Re1 {
(00:00)} b5 {(00:03)} 7. Bb3 {(00:05)} d6 {(00:06)}
8. c3 {(00:16)} O-O {(00:09)} 9. h3 {(00:06)} Nb8 {
(00:15)} 10. d4 {(00:14)} Nbd7 {(00:07)} 11. Nbd2 {
(00:05)} Bb7 {(00:16)} 12. Bc2 {(00:19)} c5 {(00:
21)} 13. d5 {(00:58)} c4 {(00:16)} 14. b3 {(00:12)} cxb3 {
(00:27)} 15. axb3 {(00:18)} Qc7 {(00:22)} 16. Bb2 {
(00:47)} Nb6 {(02:17)} 17. Qe2 {(25:03)} Rfb8 {(09:
59)} 18. Rec1 {(09:36)} Bc8 {(07:42)} 19. Ba3 {(08:03)}
Bf8 {(13:16)} 20. Bb4 {(02:34)} Nbd7 {(08:02)} 21. Ba5 {
(02:13)} Qa7 {(00:05)} 22. c4 {(05:03)} Nh5 {(07:
01)} 23. Qf1 {(10:45)} g6 {(06:33)} 24. cxb5 {(09:28)}
axb5 {(02:02)} 25. Bd3 {(02:24)} Nc5 {(19:57)} 26. Bb4 {
(01:12)} Qb6 {(06:26)} 27. Rxa8 {(00:20)} Rxa8 {(
00:01)} 28. Bxb5 {(08:22)} Rb8 {(01:57)} 29. Bxc5 {(03:16]
} dxc5 {(00:05)} 30. Ba4 {(03:37)} Ba6 {(08:36)} 31. Nc4 {
(00:13)} Bxc4 {(00:39)} 32. Rxc4 {(01:30)} Qf6 {(
01:39)} 33. Ne1 {(01:30)} Qg5 {(02:42)} 34. g3 {(01:06)}
Rb4 {(00:37)} 35. Nf3 {(01:38)} Qf6 {(01:44)} 36. Kg2 {
(00:19)} Rxc4 {(02:55)} 37. Qxc4 {(00:08)} Qd6 {(
00:28)} 38. Bc6 {(03:44)} Be7 {(00:20)} 39. Qb5 {(00:32)}
f5 {(00:53)} 40. Nd2 {(00:00)} Qf6 {(00:00)} 41. Bd7 {
(08:50)} f4 {(06:12)} 42. Be6+ {(03:25)} Kg7 {(00:
24)} 43. Nf3 {(01:17)} fxg3 {(06:31)} 44. fxg3 {(00:17)}
Qf8 {(01:31)} 45. Qb7 {(07:47)} Qd8 {(08:48)} 46. Nxe5 {
(03:43)} Qd6 {(00:08)} 47. Qd7 {(00:25)} Nxg3 {(03:
16)} 48. Qxd6 {(00:52)} Bxd6 {(00:05)} 49. Nf7 {(00:27)}
Nxe4 {(02:37)} 50. Kf3 {(00:28)} Nd2+ {(01:44)} 51. Ke3 {
(01:16)} Nxb3 {(00:21)} 52. Nxd6 {(00:21)} Kf6 {(
00:14)} 53. Ne4+ {(01:21)} Ke5 {(00:47)} 54. Bg8 {(01:13)}
Nd4 {(00:20)} 55. Nxc5 {(02:24)} Nf5+ {(00:07)} 56. Kf3 {
(00:20)} Ne7 {(00:08)} 57. Be6 {(01:04)} Nxd5 {(01:
15)} 58. Bxd5 {(00:09)} Kxd5 {(00:04)} 59. Nd7 {(00:51)}
h5 {(03:22)} 60. Kf4 {(00:10)} Ke6 {(00:10)} 61. Nf8+ {
(00:59)} Kf6 {(00:12)} 62. Nh7+ {(00:15)} 1-0

[Event "42nd Olympiad Baku 2016 Women"]
[Site "Baku"]
[Date "2016.09.03"]
[Round "2.25"]
[White "Zimina, Olga"]
[Black "Ptacnikova, Lenka"]
[Result "1-0"]
[ECO "A06"]
[WhiteElo "2389"]
[BlackElo "2159"]
[Annotator ""]
[PlyCount "78"]
[EventDate "2016.??.??"]
[EventCountry "AZE"]
[SourceTitle "playchess.com"]
[Source "ChessBase"]
[WhiteTeam "Italy"]
[BlackTeam "Iceland"]
[WhiteTeamCountry "ITA"]
[BlackTeamCountry "ISL"]
[TimeControl "40/5400+30:1800+30"]

1. Nf3 {(00:00)} d5 {(00:00)} 2. g3 {(01:12)} c6 {(
00:52)} 3. Bg2 {(00:15)} g6 {(04:14)} 4. O-O {(03:17)} Bg7
{(00:09)} 5. d3 {(00:37)} Bg4 {(13:06)} 6. e4 {(02:
53)} Qc8 {(04:17)} 7. Qe1 {(15:51)} Bh3 {(13:18)} 8. Bxh3
{(12:44)} Qxh3 {(00:05)} 9. exd5 {(09:35)} cxd5 {(
00:34)} 10. Nc3 {(00:32)} Nf6 {(02:53)} 11. Bg5 {(09:15)}
Qd7 {(03:55)} 12. Ne5 {(03:47)} Qd8 {(00:36)} 13. Qe2 {
(07:35)} h6 {(07:12)} 14. Bf4 {(01:50)} O-O {(04:
43)} 15. d4 {(02:50)} Nc6 {(22:52)} 16. Nxc6 {(01:39)}
bxc6 {(00:06)} 17. Be5 {(00:07)} e6 {(01:46)} 18. Na4 {
(05:03)} Ne4 {(03:05)} 19. Bxg7 {(00:24)} Kxg7 {(
00:05)} 20. f3 {(00:09)} Qf6 {(06:31)} 21. Rad1 {(01:02)}
Nd6 {(00:26)} 22. Nc5 {(00:14)} Rfd8 {(01:15)} 23. c3 {
(02:59)} Rab8 {(01:24)} 24. Rf2 {(00:56)} Rb6 {(02:
24)} 25. Re1 {(01:17)} Nc4 {(02:57)} 26. b3 {(02:01)} Nd6
{(00:25)} 27. Qd3 {(00:21)} Nf5 {(02:05)} 28. Rfe2 {
(00:19)} Kg8 {(01:09)} 29. Re5 {(02:12)} h5 {(00:
56)} 30. Qd2 {(01:25)} Ng7 {(00:40)} 31. Kg2 {(00:18)} Kh7
{(00:14)} 32. Nd3 {(02:48)} Rc8 {(00:34)} 33. Nf2 {
(03:57)} c5 {(00:25)} 34. dxc5 {(02:22)} Rxc5 {(00:
09)} 35. Ne4 {(01:08)} dxe4 {(01:07)} 36. Rxc5 {(00:05)}
exf3+ {(00:47)} 37. Kf2 {(01:19)} Nf5 {(00:28)} 38. Qf4 {
(00:29)} Qe7 {(00:40)} 39. Rc7 {(01:58)} Qf8 1-0

[Event "42nd Olympiad Baku 2016 Women"]
[Site "Baku"]
[Date "2016.09.04"]
[Round "3.3"]
[White "A-ALI, Sali Abbas Abdulzah"]
[Black "Dengler, Dijana"]
[Result "1/2-1/2"]
[ECO "C01"]
[WhiteElo "1728"]
[BlackElo "2047"]
[Annotator ""]
[PlyCount "62"]
[EventDate "2016.??.??"]
[EventCountry "AZE"]
[SourceTitle "playchess.com"]
[Source "ChessBase"]
[WhiteTeam "Iraq"]
[BlackTeam "Bosnia  Herzegovina"]
[WhiteTeamCountry "IRQ"]
[BlackTeamCountry "BIH"]
[TimeControl "40/5400+30:1800+30"]

1. e4 {(00:00)} e6 {(00:00)} 2. d4 {(00:00)} d5 {(
00:00)} 3. exd5 {(00:00)} exd5 {(00:00)} 4. Bd3 {(00:01)}
Bd6 {(09:22)} 5. h3 {(02:32)} Nf6 {(07:48)} 6. Ne2 {
(00:20)} O-O {(03:56)} 7. O-O {(00:40)} Nbd7 {(02:
42)} 8. Bf4 {(01:20)} Bxf4 {(02:15)} 9. Nxf4 {(00:04)} Re8
{(01:53)} 10. Nc3 {(02:47)} c6 {(00:55)} 11. Qd2 {(
02:21)} Nf8 {(01:34)} 12. Rfe1 {(00:49)} Bd7 {(01:54)} 13.
Rxe8 {(01:13)} Nxe8 {(01:29)} 14. Re1 {(01:15)} Nd6 {
(03:17)} 15. Nce2 {(03:45)} Bf5 {(04:23)} 16. Ng3 {
(05:41)} Bxd3 {(01:33)} 17. Nxd3 {(03:16)} Ne6 {(
09:08)} 18. Ne5 {(01:20)} h6 {(01:58)} 19. c3 {(01:05)}
Qh4 {(04:29)} 20. Qe3 {(03:47)} Re8 {(08:08)} 21. Nf3 {
(10:33)} Qf6 {(05:05)} 22. Nh5 {(04:55)} Qg6 {(03:
37)} 23. Nf4 {(02:04)} Qf5 {(03:25)} 24. Nxe6 {(01:54)}
Rxe6 {(00:13)} 25. Qd2 {(00:46)} Ne4 {(05:41)} 26. Qc2 {
(04:34)} Qf4 {(04:49)} 27. Qc1 {(04:21)} Qf5 {(00:
42)} 28. Qc2 {(02:42)} Qf4 {(00:13)} 29. Qc1 {(00:33)} Qf5
{(00:09)} 30. Qc2 {(00:54)} Qf4 {(03:08)} 31. Qc1 {
(04:37)} Qf5 {(00:28)} 1/2-1/2

[Event "42nd Olympiad Baku 2016 Women"]
[Site "Baku"]
[Date "2016.09.04"]
[Round "3.23"]
[White "Abdi, Zineb Dina"]
[Black "Menon Jayadev, Poornima"]
[Result "0-1"]
[ECO "C14"]
[WhiteElo "1953"]
[BlackElo "1837"]
[Annotator ""]
[PlyCount "98"]
[EventDate "2016.??.??"]
[EventCountry "AZE"]
[SourceTitle "playchess.com"]
[Source "ChessBase"]
[WhiteTeam "Algeria"]
[BlackTeam "Ireland"]
[WhiteTeamCountry "ALG"]
[BlackTeamCountry "IRL"]
[TimeControl "40/5400+30:1800+30"]

1. e4 {(00:00)} e6 {(00:00)} 2. d4 {(00:05)} d5 {(
00:00)} 3. Nc3 {(00:18)} Nf6 {(00:09)} 4. Bg5 {(00:08)}
Be7 {(00:16)} 5. e5 {(00:15)} Nfd7 {(00:12)} 6. Bxe7 {
(00:09)} Qxe7 {(00:07)} 7. f4 {(00:22)} a6 {(00:23]
} 8. Nf3 {(00:55)} c5 {(00:23)} 9. dxc5 {(01:12)} Nxc5 {
(01:45)} 10. Bd3 {(00:50)} Nc6 {(01:50)} 11. Qd2 {(
00:58)} b5 {(07:21)} 12. a3 {(05:36)} Bb7 {(07:33)} 13. b4
{(06:56)} Nd7 {(04:33)} 14. O-O {(04:24)} h6 {(23:
17)} 15. Qf2 {(03:22)} O-O {(04:59)} 16. Qg3 {(03:23)} Nb6
{(16:19)} 17. Nh4 {(07:47)} Rfd8 {(07:13)} 18. f5 {
(34:55)} exf5 {(12:52)} 19. Nxf5 {(00:28)} Qg5 {(
02:04)} 20. Qf2 {(03:49)} Nc4 {(03:17)} 21. Nxh6+ {(17:44]
} Qxh6 {(01:12)} 22. Qxf7+ {(00:06)} Kh8 {(00:13)} 23.
Qxb7 {(01:19)} Ra7 {(01:01)} 24. Qxa7 {(04:32)} Nxa7 {
(00:11)} 25. Rf3 {(00:48)} Qb6+ {(01:41)} 26. Kh1 {
(00:24)} Kg8 {(01:08)} 27. Re1 {(02:01)} Qd4 {(01:
27)} 28. e6 {(00:38)} Nc6 {(00:41)} 29. Bg6 {(00:33)} N4e5
{(00:41)} 30. Bf7+ {(00:31)} Nxf7 {(00:48)} 31. exf7+ {
(00:29)} Kf8 {(00:01)} 32. Rd1 {(00:31)} Qe5 {(00:
32)} 33. Rdf1 {(00:29)} d4 {(00:26)} 34. Rf5 {(00:29)} Qe6
{(00:40)} 35. Rh5 {(00:31)} Ke7 {(00:31)} 36. Nd1 {
(00:28)} Rf8 {(00:11)} 37. Rhf5 {(00:15)} Nd8 {(00:
27)} 38. c3 {(00:46)} Rxf7 {(00:29)} 39. Rxf7+ {(00:21)}
Nxf7 {(00:13)} 40. cxd4 {(00:00)} Qe2 {(00:00)} 41. Kg1 {
(01:00)} Qd2 {(01:16)} 42. Nf2 {(03:05)} Qxd4 {(00:
56)} 43. Re1+ {(00:33)} Kf8 {(00:34)} 44. Kf1 {(01:30)}
Qb2 {(00:59)} 45. Re3 {(01:02)} Qc1+ {(01:48)} 46. Ke2 {
(00:07)} Nd6 {(01:45)} 47. g4 {(13:27)} Nc4 {(02:
47)} 48. Re6 {(01:48)} Qd2+ {(01:50)} 49. Kf1 {(01:01)}
Ne3+ {(00:18)} 0-1

[Event "42nd Olympiad Baku 2016 Women"]
[Site "Baku"]
[Date "2016.09.04"]
[Round "3.17"]
[White "Abdumalik, Zhansaya"]
[Black "Stefanova, Antoaneta"]
[Result "1-0"]
[ECO "B06"]
[WhiteElo "2389"]
[BlackElo "2515"]
[Annotator ""]
[PlyCount "71"]
[EventDate "2016.??.??"]
[EventCountry "AZE"]
[SourceTitle "playchess.com"]
[Source "ChessBase"]
[WhiteTeam "Kazakhstan"]
[BlackTeam "Bulgaria"]
[WhiteTeamCountry "KAZ"]
[BlackTeamCountry "BUL"]
[TimeControl "40/5400+30:1800+30"]

1. e4 {(00:00)} g6 {(00:00)} 2. d4 {(00:00)} Bg7 {(
00:00)} 3. Nc3 {(01:47)} d6 {(00:00)} 4. Nf3 {(01:30)} a6
{(09:36)} 5. a4 {(02:43)} b6 {(00:28)} 6. Bc4 {(03:
19)} e6 {(02:58)} 7. O-O {(01:30)} Ne7 {(01:51)} 8. Re1 {
(02:05)} O-O {(01:19)} 9. Be3 {(00:24)} h6 {(01:07]
} 10. h4 {(04:34)} f5 {(11:24)} 11. exf5 {(06:28)} Nxf5 {
(01:45)} 12. g3 {(02:41)} Kh7 {(10:00)} 13. Bd3 {(
06:04)} Kh8 {(07:08)} 14. Be4 {(05:27)} d5 {(06:28)} 15.
Bxf5 {(01:43)} Rxf5 {(01:14)} 16. Ne5 {(03:26)} Bxe5 {
(02:03)} 17. dxe5 {(00:30)} Qf8 {(01:03)} 18. Nxd5 {
(07:36)} exd5 {(04:07)} 19. Qxd5 {(02:41)} Ra7 {(
16:07)} 20. g4 {(06:09)} Bb7 {(11:27)} 21. Qe6 {(06:59)}
Rf3 {(00:05)} 22. Qxg6 {(02:44)} Rh3 {(00:50)} 23. f4 {
(00:45)} Nc6 {(06:57)} 24. f5 {(05:29)} Rxh4 {(00:
23)} 25. Kf2 {(02:17)} Qg7 {(03:06)} 26. Qxg7+ {(01:42)}
Kxg7 {(00:01)} 27. Kg3 {(00:09)} Nxe5 {(00:49)} 28. Kxh4 {
(00:31)} Nf3+ {(00:04)} 29. Kg3 {(01:18)} Nxe1 {(
00:26)} 30. Rxe1 {(00:27)} Bd5 {(01:11)} 31. Rd1 {(01:45)}
Bc6 {(00:47)} 32. a5 {(00:22)} Be8 {(00:34)} 33. Rd8 {
(00:43)} Bb5 {(00:23)} 34. Bd4+ {(00:48)} Kf7 {(00:
05)} 35. Rh8 {(00:12)} Rb7 {(00:59)} 36. axb6 {(00:35)}
1-0

[Event "42nd Olympiad Baku 2016 Women"]
[Site "Baku"]
[Date "2016.09.04"]
[Round "3.18"]
[White "Acevedo Mendez, Lisseth"]
[Black "Al-khulaifi, Fatima A"]
[Result "1-0"]
[ECO "C42"]
[WhiteElo "1857"]
[BlackElo "1584"]
[Annotator ""]
[PlyCount "57"]
[EventDate "2016.??.??"]
[EventCountry "AZE"]
[SourceTitle "playchess.com"]
[Source "ChessBase"]
[WhiteTeam "Costa Rica"]
[BlackTeam "Qatar"]
[WhiteTeamCountry "CRI"]
[BlackTeamCountry "QAT"]
[TimeControl "40/5400+30:1800+30"]

1. e4 {(00:00)} e5 {(00:00)} 2. Nf3 {(00:00)} Nf6 {
(00:00)} 3. Nc3 {(00:00)} Bb4 {(00:00)} 4. Bc4 {(
03:30)} O-O {(00:42)} 5. d3 {(00:04)} d5 {(18:35)} 6. exd5
{(04:00)} e4 {(10:41)} 7. dxe4 {(00:44)} Nxe4 {(00:
33)} 8. O-O {(00:27)} Nxc3 {(00:49)} 9. bxc3 {(00:03)}
Bxc3 {(00:37)} 10. Rb1 {(00:03)} Nd7 {(01:54)} 11. Qd3 {
(07:24)} Bf6 {(00:50)} 12. Be3 {(05:08)} Nb6 {(04:
47)} 13. Bb3 {(00:31)} Bg4 {(04:59)} 14. Nd2 {(08:16)} Qd7
{(02:40)} 15. Ne4 {(06:53)} Be7 {(13:33)} 16. c4 {(
00:58)} f5 {(04:22)} 17. Ng3 {(01:53)} c5 {(17:51)} 18. f4
{(04:49)} Rac8 {(04:01)} 19. h3 {(03:11)} Bh4 {(02:
23)} 20. hxg4 {(01:22)} Bxg3 {(00:01)} 21. Rf3 {(00:27)}
Bh4 {(08:45)} 22. g5 {(00:06)} h6 {(00:17)} 23. Rh3 {
(00:39)} hxg5 {(01:13)} 24. fxg5 {(00:05)} f4 {(00:
33)} 25. Rxh4 {(00:05)} fxe3 {(00:19)} 26. Qh7+ {(00:12)}
Kf7 {(00:41)} 27. Rf1+ {(01:20)} Ke7 {(01:34)} 28. Re4+ {
(00:05)} Kd6 {(00:23)} 29. Qh2+ {(00:26] Kxd5} 1-0